 Dungeon Crawl Stone Soup version 0.23-a0-550-g7de1f8e (webtiles) character file.

75223 tilp the Impaler (level 15, -9/95 (96) HPs)
             Began as a Merfolk Ice Elementalist on Dec 8, 2018.
             Was the Champion of Makhleb.
             Mangled by a tentacled starspawn (11 damage)
             ... on level 3 of the Abyss on Dec 9, 2018.
             The game lasted 02:35:45 (33863 turns).

tilp the Impaler (Merfolk Ice Elementalist)        Turns: 33863, Time: 02:35:47

HP:   -9/95 (96)    AC: 10    Str:  8 (9)  XL:     15   Next: 49%
MP:   18/23         EV: 19    Int: 16 (17) God:    Makhleb [******]
Gold: 663           SH:  0    Dex: 16      Spells: 7/33 levels left

rFire    + . .     SeeInvis .   Z - +2 halberd (flame)
rCold    + . .     Gourm    .   (shield currently unavailable)
rNeg     . . .     Faith    .   b - +2 robe {Archmagi}
rPois    .         Spirit   .   B - +0 helmet
rElec    .         Reflect  .   a - scarf {rC+ rF+}
rCorr    +         Harm     .   Q - +2 pair of gloves
MR       +....                  C - +1 pair of boots
Stlth    ++........             w - amulet of magic regeneration
HPRegen  1.25/turn              o - ring of resist corrosion
MPRegen  0.43/turn              n - +2 ring of dexterity

@: lethally poisoned (-9 -> -11), regenerating, slowed, very slow
A: change form in water, swift swim, stealthy swim, [deterioration 2], [dopey
2], [frail 2], [low mp 2], [screaming 2]
a: Minor Destruction, Lesser Servant of Makhleb, Major Destruction, Greater
Servant of Makhleb, Renounce Religion


You were on level 3 of the Abyss.
You worshipped Makhleb.
Makhleb was exalted by your worship.
You were not hungry.

You visited 4 branches of the dungeon, and saw 23 of its levels.
You visited the Abyss 1 time.
You also visited: Sewer and Bailey.

You collected 2271 gold pieces.
You spent 1608 gold pieces at shops.

Inventory:

Hand Weapons
 E - a +3 glaive
 Z - a +2 halberd of flaming (weapon)
Missiles
 s - 53 tomahawks of returning (quivered)
 x - 6 throwing nets
Armour
 a - a scarf of resistance (worn)
 b - a +2 robe of the Archmagi (worn)
 B - a +0 helmet (worn)
 C - a +1 pair of boots (worn)
 I - a +0 cloak of poison resistance
 N - a +2 robe of fire resistance
 Q - a +2 pair of gloves (worn)
Jewellery
 e - an uncursed ring of stealth
 n - a +2 ring of dexterity (right hand)
 o - a ring of resist corrosion (left hand)
 w - an amulet of magic regeneration (around neck)
 y - an uncursed ring of protection from cold {unknown}
 W - a +4 ring of evasion {unknown}
Wands
 h - a wand of paralysis (42)
 i - a wand of digging (4)
 D - a wand of flame (57)
 O - a wand of polymorph (13)
 S - a wand of iceblast (17)
 T - a wand of acid (11)
 X - a wand of random effects (20)
Scrolls
 f - 8 scrolls of enchant weapon
 l - 2 scrolls of fear
 q - 2 scrolls of magic mapping
 r - 2 scrolls of enchant armour
 F - 6 scrolls of amnesia
 K - 6 scrolls of remove curse
 L - a scroll of vulnerability
 Y - a scroll of fog {unknown}
Potions
 j - 7 potions of mutation
 k - 2 potions of resistance
 m - 6 potions of brilliance
 t - 4 potions of haste
 u - 3 potions of ambrosia
 v - a potion of cancellation
 z - 2 potions of magic
 G - 3 potions of invisibility
 J - 7 potions of flight
 M - a potion of lignification
 U - a potion of degeneration {unknown}
Miscellaneous
 A - a phantom mirror
 V - a lightning rod (4/4)
Comestibles
 c - 39 rations


   Skills:
 + Level 11.8 Fighting
 * Level 15.8 Polearms
 - Level 10.0 Dodging
 - Level 2.1 Stealth
 + Level 9.9 Spellcasting
 + Level 4.7 Conjurations
 - Level 4.0 Charms
 - Level 4.0 Necromancy
 - Level 15.0 Ice Magic
 - Level 5.2 Invocations
 - Level 6.0 Evocations


You had 7 spell levels left.
You knew the following spells:

 Your Spells              Type           Power        Failure   Level  Hunger
a - Freeze                Ice            ####         1%          1    None
b - Throw Frost           Conj/Ice       ######       1%          2    None
c - Ozocubu's Armour      Chrm/Ice       ######..     1%          3    None
d - Throw Icicle          Conj/Ice       ######..     1%          4    ###....
e - Summon Ice Beast      Ice/Summ       #####...     4%          4    ###....
f - Animate Skeleton      Necr           N/A          1%          1    None
g - Regeneration          Chrm/Necr      ####......   5%          3    None
h - Spectral Weapon       Hex/Chrm       ###.....     12%         3    None
i - Tukima's Dance        Hex            ##......     28%         3    None
j - Ensorcelled Hibernat  Hex/Ice        #####.       1%          2    None

Your spell library contained the following spells:

 Spells                   Type           Power        Failure   Level  Hunger
 Infusion                 Chrm           ####         1%          1    None
 Pain                     Necr           ####         1%          1    None
 Song of Slaying          Chrm           ####....     2%          2    None
 Ice Form                 Ice/Tmut       #####...     4%          4    ###....
 Vampiric Draining        Necr           ####......   5%          3    None
 Shroud of Golubria       Chrm/Tloc      ###.......   6%          2    None
 Swiftness                Chrm/Air       ###.....     6%          2    None
 Beastly Appendage        Tmut           ##....       10%         1    None
 Corona                   Hex            ##.....      10%         1    None
 Dazzling Spray           Conj/Hex       ###...       11%         3    None
 Passwall                 Tmut/Erth      ##......     14%         2    None
 Sticks to Snakes         Tmut           ##......     14%         2    None
 Animate Dead             Necr           N/A          17%         4    ###....
 Confuse                  Hex            ##......     28%         3    None
 Spider Form              Tmut/Pois      ##........   28%         3    None
 Passage of Golubria      Tloc           N/A          67%         4    ###....
 Blade Hands              Tmut           ##........   95%         5    #####..
 Lee's Rapid Deconstruct  Erth           ##........   95%         5    #####..
 Darkness                 Hex            ##........   100%        6    ######.
 Invisibility             Hex            ##......     100%        6    ######.


Dungeon Overview and Level Annotations

Branches:
Dungeon (14/15)            Temple (1/1) D:4            Lair (6/6) D:9
 Shoals (0/4) Lair:3        Slime (0/5) Lair:5          Orc (2/2) D:12
    Elf (0/3) Orc:2        Vaults (0/5) D:14
  Snake: Lair:2-4    Spider: Lair:2-4

Altars:
Ashenzari
Cheibriados
Dithmenos
Elyvilon
Fedhas
Gozag
Hepliaklqana
Kikubaaqudgha
Makhleb
Nemelex Xobeh
Okawaru
Qazlal
Ru
Sif Muna
Trog
Uskayaw
Vehumet
Wu Jian
Xom
Yredelemnul
Zin
Jiyva

Shops:
Orc:1 [   Orc:2 :*[(

Annotations:
D:8 !2ho
D:10 1 runed door, Xak's ghost, novice TrVM
Lair:2 exclusion: oklob plant
Lair:3 Rupert near stairs!, Rupert
Lair:5 exclusion: oklob plant


Innate Abilities, Weirdness & Mutations

You revert to your normal form in water.
You are very nimble and swift while swimming.
You are very stealthy in the water. (Stealth+)
[Your body often deteriorates upon taking damage.]
[You are very dopey. (Int -4)]
[You are very frail. (-20% HP)]
[Your magical capacity is very low. (-20% MP)]
[You sometimes yell uncontrollably at your foes.]


Message History

You feel yourself slow down.
* * * LOW HITPOINT WARNING * * *
You feel sick.
Tentacles burst from the starspawn's body! 2 starspawn tentacles come into view.
You are engulfed in dark miasma.
You are more poisoned.
* * * LOW HITPOINT WARNING * * *
Your body deteriorates!
You feel weakened.
* * * LOW HITPOINT WARNING * * *
You feel very sick. The starspawn tentacle misses you.
Casting: Regeneration (safe; 5% risk of failure)
Confirm with . or Enter, or press ? or * to list all spells.
You feel a surge of power!
Your skin crawls.
* * * LOW HITPOINT WARNING * * *
You feel sick.
The tentacled starspawn closely misses you.
The tentacled starspawn engulfs you!
You die...

....#ยง...
X......#......
....#
###.#.#......#.....
x.. #.####.....#..
. . . #x...##....
#..### #..3..#..
.... .. # #..k#....
... ..... #.ww# .
......... ###X##
.##.##### .
.#@##...## .# .# #
#...#.. .# ..X... .
. #..=#....#../.
... #...#....##.. .
##... ..... . . #
#..#.. .#..#. ..
...#.....# ... .#
...##.. # #......#
## # .. .### .


You could see a tentacled starspawn, a death drake, a worldbinder, a smoke demon
and 2 starspawn tentacles.

Vanquished Creatures
  A hydra (Lair:5)
  2 vault guards (D:14)
  2 catoblepae
  An ogre mage (D:14)
  5 two-headed ogres
  2 centaur warriors
  5 thrashing horrors (Abyss:3)
  4 orc high priests (Orc:2)
  A wretched star (Abyss:3)
  4 large abominations (Abyss:3)
  An unseen horror (D:11)
  2 deep elf magi
  2 orc knights (Orc:2)
  3 orc sorcerers (Orc:2)
  4 ugly things
  A manticore (D:11)
  A worldbinder (Abyss:3)
  3 cyclopes
  A centaur zombie (D:12)
  4 elephants
  A merfolk siren (Lair:3)
  4 black mambas
  An orange demon (Abyss:3)
  6 spiny frogs
  A gargoyle (D:12)
  3 komodo dragons
  A kobold demonologist (D:14)
  2 efreet
  An ancient zyme (Abyss:3)
  A hellwing (Abyss:3)
  3 polar bears
  4 hornets
  4 trolls
  Grinder (D:3)
  23 blink frogs
  2 dream sheep (Lair:6)
  4 raiju (Abyss:3)
  8 hippogriffs
  A centaur simulacrum (D:14)
  4 water elementals (D:13)
  8 spriggans (Lair:6)
  A tarantella (shapeshifter) (D:14)
  A wyvern (D:12)
  2 shadows
  A hog (D:10)
  31 yaks
  2 small abominations (Abyss:3)
  A hungry ghost (D:12)
  2 basilisks
  A fire bat (Abyss:3)
  5 wargs
  2 vampire mosquitoes (D:13)
  An acid dragon (D:14)
  10 water moccasins
  4 porcupines
  27 orc warriors
  3 phantoms
  5 ice beasts
  3 sky beasts
  4 boggarts (Lair:6)
  An eye of draining (D:11)
  A necrophage (Sewer)
  10 ogres
  14 centaurs
  21 wolves
  9 crocodiles
  5 big kobolds
  15 bullfrogs
  Blork the orc (D:4)
  A wyvern zombie (D:14)
  A wyvern skeleton (D:9)
  A troll zombie (D:12)
  2 scorpions
  11 killer bees
  4 howler monkeys
  9 wights
  An electric eel (D:6)
  2 crimson imps
  A bullfrog zombie (D:6)
  10 hounds
  9 jellies
  21 orc priests
  A gnoll shaman (D:8)
  32 orc wizards
  A centaur skeleton (D:9)
  4 bullfrog skeletons
  Ijyb (D:4)
  5 iguanas
  7 worker ants
  A killer bee zombie (D:9)
  2 big kobold zombies (Sewer)
  4 ogre zombies (D:12)
  A hound zombie (D:11)
  4 hound skeletons
  4 worker ant zombies
  13 gnolls
  15 adders
  7 shadow imps
  3 ufetubi
  2 adder skeletons
  3 worms
  2 dart slugs
  3 leopard geckos
  81 orcs
  4 ball pythons
  3 bats
  7 giant cockroaches
  11 goblins
  10 hobgoblins
  9 jackals
  3 quokkas
  5 frilled lizards
  A giant cockroach zombie (Sewer)
  3 goblin zombies (D:12)
  A hobgoblin skeleton (D:12)
  52 kobolds
  A kobold zombie (Sewer)
  2 orc skeletons (D:12)
  8 orc zombies (D:12)
  A quokka skeleton (D:4)
  13 rats
718 creatures vanquished.

Vanquished Creatures (collateral kills)
  An orc warlord (Orc:2)
  Fannar (Orc:1)
  A vault guard (D:14)
  2 hydras
  A two-headed ogre (D:12)
  An unseen horror (D:14)
  An orc knight (Orc:2)
  A cyclops (Orc:1)
  A centaur zombie (D:13)
  A merfolk siren (Lair:3)
  A black mamba (Lair:5)
  7 elephants
  2 spiny frogs (Lair:6)
  A harpy zombie (D:12)
  A polar bear (Lair:6)
  7 blink frogs
  2 merfolk (Lair:3)
  A dream sheep (Lair:5)
  A hippogriff (Lair:5)
  4 spriggans (Lair:6)
  12 yaks
  A shadow (D:11)
  2 basilisks
  2 hogs (D:10)
  A human (D:10)
  A warg (Orc:2)
  An acid dragon (D:12)
  A water moccasin (Lair:3)
  10 orc warriors
  4 black bears
  6 ogres
  3 centaurs (D:12)
  6 wolves
  A crocodile (Lair:1)
  A bullfrog (Lair:4)
  A killer bee (D:12)
  A troll zombie (D:12)
  2 wights (D:11)
  8 orc wizards
  An orc priest (Orc:2)
  An adder (D:10)
  17 orcs
  A goblin zombie (D:12)
  A hobgoblin skeleton (D:12)
  A kobold (D:12)
  An orc skeleton (D:12)
  2 orc zombies (D:12)
  3 fungi
  2 plants
132 creatures vanquished.

Vanquished Creatures (others)
  An unseen horror (Abyss:3)
  An ufetubus (Abyss:3)
  A quokka (D:8)
  6 fungi
  3 plants
  6 spectral weapons (Abyss:3)
  18 starspawn tentacles (Abyss:3)
36 creatures vanquished.

Grand Total: 886 creatures vanquished

Notes
Turn   | Place    | Note
-------+----------+-------------------------------------------
     0 | D:1      | tilp the Merfolk Ice Elementalist began the quest for the
                  | Orb.
     0 | D:1      | Reached XP level 1. HP: 13/13 MP: 3/3
   202 | D:1      | Reached XP level 2. HP: 18/19 MP: 1/5
   206 | D:1      | Learned a level 2 spell: Throw Frost
  1054 | D:2      | Reached XP level 3. HP: 20/24 MP: 0/6
  1073 | D:2      | Found a shattered altar of Ashenzari.
  1218 | D:2      | Reached skill level 5 in Ice Magic
  1507 | D:2      | Reached XP level 4. HP: 25/30 MP: 4/7
  1521 | D:2      | Learned a level 3 spell: Ozocubu's Armour
  2094 | D:2      | Found a glowing silver altar of Zin.
  2704 | D:3      | Found a shadowy altar of Dithmenos.
  2716 | D:3      | Reached XP level 5. HP: 28/35 MP: 2/8
  2993 | D:3      | Noticed Grinder
  3182 | D:4      | Noticed Ijyb
  3210 | D:4      | Noticed Blork the orc
  3617 | D:4      | Found an opulent altar of Gozag.
  3617 | D:4      | Found a snail-covered altar of Cheibriados.
  3646 | D:4      | Reached XP level 6. HP: 23/42 MP: 9/9
  3652 | D:4      | Reached skill level 1 in Fighting
  3921 | D:4      | Found an ancient bone altar of Kikubaaqudgha.
  4146 | D:4      | Noticed an ice beast
  4358 | D:4      | Found a sacrificial altar of Ru.
  4489 | D:4      | Found a staircase to the Ecumenical Temple.
  4546 | Temple   | Entered the Ecumenical Temple
  4583 | Temple   | Became a worshipper of Makhleb the Destroyer
  4671 | D:4      | Reached XP level 7. HP: 49/49 MP: 10/10
  4783 | D:5      | Entered Level 5 of the Dungeon
  5669 | D:6      | Reached skill level 5 in Dodging
  5695 | D:6      | Found a blossoming altar of Fedhas.
  5866 | D:6      | Reached XP level 8. HP: 29/60 MP: 5/11
  5882 | D:6      | Reached * piety under Makhleb
  5922 | D:6      | Found a glowing drain.
  5943 | Sewer    | Entered a sewer
  6192 | Sewer    | Reached skill level 5 in Fighting
  6435 | Sewer    | Found an ancient bone altar of Kikubaaqudgha.
  6482 | Sewer    | Reached ** piety under Makhleb
  6521 | Sewer    | Reached skill level 1 in Invocations
  6521 | Sewer    | Reached skill level 1 in Evocations
  7714 | D:6      | Reached XP level 9. HP: 64/69 MP: 3/12
  7822 | D:7      | Reached skill level 5 in Invocations
  8253 | D:7      | Found a hazy altar of Hepliaklqana.
  8931 | D:8      | Reached *** piety under Makhleb
  9059 | D:8      | Found a white marble altar of Elyvilon.
  9110 | D:8      | HP: 2/72 [something (19)]
  9216 | D:7      | HP: 3/72 [orc wizard/magic dart (8)]
  9801 | D:8      | Noticed a two-headed ogre
  9858 | D:8      | Learned a level 4 spell: Throw Icicle
  9976 | D:9      | Found a staircase to the Lair.
 10026 | D:9      | Reached XP level 10. HP: 34/79 MP: 3/16
 11543 | D:4      | Learned a level 4 spell: Summon Ice Beast
 11640 | D:4      | Killed Blork the orc
 11640 | D:4      | Reached skill level 5 in Spellcasting
 11787 | D:10     | Entered Level 10 of the Dungeon
 12201 | D:8      | Reached skill level 10 in Ice Magic
 12661 | D:10     | Learned a level 1 spell: Animate Skeleton
 12665 | D:10     | Learned a level 3 spell: Regeneration
 12678 | D:10     | Found a runed door.
 12678 | D:10     | Noticed Xak's ghost (novice TrVM)
 12804 | D:10     | Reached **** piety under Makhleb
 13471 | D:10     | Reached skill level 1 in Polearms
 13474 | D:10     | Reached skill level 1 in Charms
 14494 | D:8      | Reached skill level 5 in Polearms
 15043 | D:11     | Noticed a cyclops
 15478 | Lair:1   | Entered Level 1 of the Lair of Beasts
 15775 | Lair:1   | Reached XP level 11. HP: 71/86 MP: 18/20
 16570 | Lair:1   | Reached skill level 10 in Polearms
 18036 | Lair:2   | You fall through a shaft!
 18226 | Lair:3   | Noticed Rupert
 18232 | Lair:3   | Paralysed by Rupert for 5 turns
 18251 | Lair:3   | HP: 4/86 [Rupert/+5 battleaxe of chopping (13)]
 18277 | Lair:3   | Reached XP level 12. HP: 11/93 MP: 13/21
 18535 | Lair:3   | Found a staircase to the Shoals.
 20369 | Lair:4   | Noticed a seven-headed hydra
 20424 | Lair:4   | Reached skill level 10 in Fighting
 20425 | Lair:4   | Killed a seven-headed hydra
 20445 | Lair:4   | Reached skill level 1 in Necromancy
 20774 | Lair:5   | Found a viscous altar of Jiyva.
 20774 | Lair:5   | Found a staircase to the Slime Pits.
 20802 | Lair:5   | Noticed a catoblepas
 20824 | Lair:5   | Killed a catoblepas
 21026 | Lair:5   | Reached skill level 1 in Conjurations
 21165 | Lair:5   | Noticed a four-headed hydra
 21198 | Lair:5   | Killed a four-headed hydra
 21198 | Lair:5   | Reached XP level 13. HP: 67/103 MP: 22/22
 22338 | Lair:6   | Entered Level 6 of the Lair of Beasts
 24185 | Lair:6   | Reached ***** piety under Makhleb
 24701 | D:4      | Killed Ijyb
 24760 | D:4      | Found a deep blue altar of Sif Muna.
 24828 | D:3      | Killed Grinder
 25316 | D:11     | Reached skill level 15 in Ice Magic
 25402 | D:11     | Reached XP level 14. HP: 72/110 MP: 1/26
 26414 | D:12     | Reached skill level 5 in Evocations
 26761 | D:12     | Found a hide-covered altar of Uskayaw.
 27136 | D:12     | Found a staircase to the Orcish Mines.
 27470 | Orc:1    | Entered Level 1 of the Orcish Mines
 27544 | Orc:1    | Found a flagged portal.
 27613 | Bailey   | Entered a bailey
 27779 | Bailey   | Reached ****** piety under Makhleb
 28245 | Orc:1    | Found a bloodstained altar of Trog.
 28282 | Orc:1    | Found Dorik's Armour Shop.
 28334 | Orc:1    | Bought a +0 cloak of poison resistance for 127 gold pieces
 28501 | Orc:1    | Noticed Fannar
 28643 | Orc:1    | Killed Fannar
 28817 | Orc:2    | Entered Level 2 of the Orcish Mines
 29098 | Orc:2    | Found a staircase to the Elven Halls.
 30885 | Orc:2    | Noticed an orc warlord
 30980 | Orc:2    | Killed an orc warlord
 31253 | Orc:2    | Found Fycyd's Antique Armour Boutique.
 31254 | Orc:2    | Found Cawnorgh's Antique Weapon Shop.
 31257 | Orc:2    | Found Kocitenn's General Store.
 31257 | Orc:2    | Found Noemavom's Book Boutique.
 31288 | Orc:2    | Bought a scroll of identify for 26 gold pieces
 31289 | Orc:2    | Bought a book of Battle for 600 gold pieces
 31289 | Orc:2    | Bought a book of Maledictions for 375 gold pieces
 31293 | Orc:2    | Learned a level 3 spell: Spectral Weapon
 31297 | Orc:2    | Learned a level 3 spell: Tukima's Dance
 31300 | Orc:2    | Learned a level 2 spell: Ensorcelled Hibernation
 31507 | Orc:1    | Bought a scarf of resistance for 480 gold pieces
 32049 | D:13     | Reached XP level 15. HP: 118/119 MP: 14/28
 32705 | D:14     | Found a gate to the Vaults.
 32817 | D:14     | Reached skill level 15 in Polearms
 33227 | D:14     | Identified the +8 trident of the Girdle {distort, *Noise
                  | +Inv rC+ Str+5}
 33236 | D:14     | Cast into level 3 of the Abyss (vault guard)
 33377 | Abyss:3  | Noticed a tentacled starspawn
 33491 | Abyss:3  | Noticed a red draconian monk
 33695 | Abyss:3  | Reached skill level 10 in Dodging
 33760 | Abyss:3  | Noticed a tentacled starspawn
 33862 | Abyss:3  | HP: 3/95 [death drake] (15)]
 33863 | Abyss:3  | Mangled by a tentacled starspawn

Vault maps used:
D:1:      lightli_arrival_isolated_outpost, chequers_jeans
D:2:      zin_statuary, ashenzari_conservatory_becter
D:3:      nicolae_overflow_crystal_walls, first_ration, uniq_grinder
D:4:      overflow_temple_1_default, chequers_temple_overflow_statue_of_worship,
          tgw_sif, minmay_temple_entry_butterflies, uniq_ijyb
D:6:      portal_sewer_entry_c, kennysheep_doodads, fedhas_altar_2
D:7:      lemuel_doored_altar
D:8:      elyvilon_altar_4, minmay_crystal_room
D:9:      dpeg_oklobed_lair
D:10:     gammafunk_ghost_grave, grunt_livestock
D:11:     portal_ice_cave_entry_pillars_1
D:12:     zombieorc1_lemuel, basic_altar, uniq_erolcha
D:13:     wad_floor_pattern_untrapped, nicolae_underground_beach
D:14:     lightli_vaults_fourway_checkpoint, nicolae_straight_to_the_point
Temple:   minmay_temple_bridge_abc
Lair:1:   beast_lair_carwin_large_3
Lair:2:   dpeg_oklob_gauntlet, chequers_serial_rivers_micro_a
Lair:3:   elwin_shoals_entry_stream, nicolae_spider_entry_non_spiders,
          grunt_megastairs_5, serial_bayou_shore_a, infiniplex_staircase_pool_2,
          uniq_sonja, uniq_rupert
Lair:5:   slime_altar_1, minmay_lair_oklob_bushes, grunt_forest_small_clearings
Lair:6:   minmay_lair_end_enchanted_forest, serial_bayou_crossing
Orc:1:    enter_bailey_6, serial_shops, shop, trog_book, uniq_fannar
Orc:2:    st_orc_congregation
Sewer:    kennysheep_sewer_church
Bailey:   bailey_axe_1, bailey

Skill      XL: |  1  2  3  4  5  6  7  8  9 10 11 12 13 14 15 |
---------------+----------------------------------------------+-----
Ice Magic      | 4 5 6 7 8 9 10 12 15 | 15.0
Dodging        | 3 5 6 9 10 | 10.0
Fighting       | 1 4 6 7 8 10 11 | 11.8
Invocations    | 3 5 |  5.2
Evocations     | 4 6 |  6.0
Spellcasting   | 4 6 8 9 |  9.9
Polearms       | 7 14 15 | 15.8
Charms         | 3 4 |  4.0
Necromancy     | 4 |  4.0
Conjurations   | 2 3 4 |  4.7
Stealth        | |  2.1

Action                   |  1- 3 |  4- 6 |  7- 9 | 10-12 | 13-15 || total
-------------------------+-------+-------+-------+-------+-------++-------
Melee: Short sword       |     7 |     6 |       |       |       ||    13
       Dagger            |       |    99 |   484 |   221 |       ||   804
       Tailslap          |       |       |     3 |       |       ||     3
       Spear             |       |       |       |   430 |       ||   430
       Trident           |       |       |       |   431 |  1316 ||  1747
       Halberd           |       |       |       |       |   343 ||   343
Throw: Stone             |       |     3 |       |       |       ||     3
       Tomahawk          |       |       |     2 |     8 |     3 ||    13
 Cast: Freeze            |    44 |    61 |   228 |   202 |   130 ||   665
       Throw Frost       |     2 |     4 |    25 |    87 |   116 ||   234
       Ozocubu's Armour  |       |     3 |    33 |    83 |   135 ||   254
       Summon Ice Beast  |       |       |       |     1 |       ||     1
       Regeneration      |       |       |       |    35 |    62 ||    97
       Animate Skeleton  |       |       |       |    16 |    76 ||    92
       Throw Icicle      |       |       |       |       |   136 ||   136
       Spectral Weapon   |       |       |       |       |    13 ||    13
       Tukima's Dance    |       |       |       |       |     1 ||     1
Invok: Lesser Servant of |       |       |       |    20 |    26 ||    46
Evoke: Wand              |       |       |     4 |       |     1 ||     5
       Lightning rod     |       |       |       |       |     9 ||     9
  Use: Scroll            |       |     7 |     5 |    10 |    12 ||    34
       Potion            |       |     2 |     8 |     5 |     5 ||    20
 Stab: Sleeping          |     1 |     8 |     2 |     7 |     6 ||    24
       Distracted        |       |       |     1 |     3 |    13 ||    17
  Eat: Chunk             |     1 |    13 |    19 |    35 |    57 ||   125
       Ration            |       |       |     2 |     2 |     1 ||     5
Armor: Robe              |     6 |    40 |   215 |   294 |   480 ||  1035
Dodge: Dodged            |    26 |    82 |   597 |   873 |  1195 ||  2773

Table legend:
 A = Non-vault XP
 B = Vault XP
 C = Vault XP percentage of total XP
 D = Non-vault monster count
 E = Vault monster count
 F = Vault count percentage of total count
                 A         B        C        D         E       F
            +---------+---------+-------+---------+---------+-------
      Total |   77786 |   29676 |  27.6 |     596 |     249 |  29.5
            +---------+---------+-------+---------+---------+-------
        D:1 |      30 |       0 |   0.0 |      17 |       0 |   0.0
        D:2 |      64 |       0 |   0.0 |      19 |       0 |   0.0
        D:3 |     110 |     267 |  70.8 |      19 |       1 |   5.0
        D:4 |     427 |     130 |  23.3 |      24 |       2 |   7.7
        D:5 |      93 |       0 |   0.0 |       7 |       0 |   0.0
        D:6 |     870 |       5 |   0.6 |      25 |       5 |  16.7
        D:7 |    1972 |       0 |   0.0 |      43 |       0 |   0.0
        D:8 |    1586 |       0 |   0.0 |      36 |       0 |   0.0
        D:9 |    1501 |       0 |   0.0 |      29 |       0 |   0.0
       D:10 |     417 |     666 |  61.5 |      16 |       5 |  23.8
       D:11 |    7066 |       0 |   0.0 |      43 |       0 |   0.0
       D:12 |    7852 |     678 |   7.9 |      51 |      29 |  36.2
       D:13 |    3820 |     852 |  18.2 |      13 |       4 |  23.5
       D:14 |    4162 |    5669 |  57.7 |      10 |       8 |  44.4
     Lair:1 |    3659 |    1058 |  22.4 |      21 |      10 |  32.3
     Lair:2 |    3693 |       0 |   0.0 |      18 |       0 |   0.0
     Lair:3 |    3247 |    1132 |  25.9 |      19 |       6 |  24.0
     Lair:4 |    6501 |       0 |   0.0 |      22 |       0 |   0.0
     Lair:5 |   10728 |     983 |   8.4 |      38 |       9 |  19.1
     Lair:6 |    4982 |    6131 |  55.2 |      22 |      36 |  62.1
      Orc:1 |    3047 |     863 |  22.1 |      53 |       1 |   1.9
      Orc:2 |    1803 |   10148 |  84.9 |      29 |      68 |  70.1
    Abyss:3 |   10156 |       0 |   0.0 |      22 |       0 |   0.0
      Sewer |       0 |     459 | 100.0 |       0 |      33 | 100.0
     Bailey |       0 |     635 | 100.0 |       0 |      32 | 100.0
            +---------+---------+-------+---------+---------+-------
